 Dungeon Crawl Stone Soup version 0.27-a0-1287-gca74d27db6 (webtiles) character file.

Game seed: 17339601235106014286

115 flotson the Skirmisher (level 4, 0/35 HPs)
             Began as a Demonspawn Fighter on June 14, 2021.
             Slain by a quokka (1 damage)
             ... on level 3 of the Dungeon.
             The game lasted 00:03:17 (2298 turns).

flotson the Skirmisher (Demonspawn Fighter)         Turns: 2298, Time: 00:03:17

Health: 0/35       AC:  6    Str: 17    XL:     4   Next: 68%
Magic:  4/4        EV:  7    Int: 10    God:
Gold:   97         SH:  9    Dex: 12    Spells: 3/3 levels left

rFire    . . .     SeeInvis .   a - +0 war axe
rCold    . . .     Faith    .   c - +0 kite shield
rNeg     . . .     Spirit   .   b - +0 scale mail
rPois    .         Reflect  .   (no helmet)
rElec    .         Harm     .   (no cloak)
rCorr    .         Rampage  .   (no gloves)
Will     .....                  (no boots)
Stlth    ..........             (no amulet)
HPRegen  0.11/turn              (no ring)
MPRegen  0.09/turn              (no ring)

@: no status effects
A: hooves 1, demonic guardian 1
a: no special abilities


You were on level 3 of the Dungeon.
You visited 1 branch of the dungeon, and saw 3 of its levels.

You collected 97 gold pieces.

Inventory:

Hand Weapons
 a - a +0 war axe (weapon)
Missiles
 j - 8 boomerangs (quivered)
Armour
 b - a +0 scale mail (worn)
 c - a +0 kite shield (worn)
Scrolls
 f - a scroll of teleportation {unknown}
 k - a scroll of summoning {unknown}
 l - a scroll of enchant armour {unknown}
 m - a scroll of vulnerability {unknown}
Potions
 d - a potion of might
 e - a potion of haste {unknown}
 g - 2 potions of degeneration {unknown}
 h - 2 potions of attraction {unknown}
 i - a potion of mutation {unknown}


   Skills:
 + Level 3.5 Fighting
 + Level 2.5 Axes
 + Level 0.9 Throwing
 + Level 3.2 Armour
 + Level 1.4 Dodging
 + Level 3.1 Shields


You had 3 spell levels left.
You didn't know any spells.
Your spell library was empty.

Dungeon Overview and Level Annotations

Branches:
Dungeon (3/15)

Altars:


Innate Abilities, Weirdness & Mutations

You have large cloven feet.
A weak demonic guardian rushes to your aid.


Message History

You are too confused!
You are too confused!
You hear some strange, mumbled words.
A puff of flame appears from out of thin air!
The puff of flame hits you. Something hits you but does no damage.
You barely miss something. You kick something.
You hear some strange, mumbled words.
A magic dart appears from out of thin air!
The magic dart hits you.
You feel less confused. Something hits you.
* * * LOW HITPOINT WARNING * * *
You closely miss something. Something hits you.
* * * LOW HITPOINT WARNING * * *
A demonic guardian appears!
You hit the orc.
You kill the orc!
You miss something. Something hits you but does no damage. Something hits you.
* * * LOW HITPOINT WARNING * * *
The orc barely misses you.
Your iron imp hits the orc.
You catch the helpless orc completely off-guard!
You hit the orc.
You kill the orc!
You barely miss something. Something completely misses you.
Your iron imp hits something!
The quokka closely misses you.
You barely miss the quokka. You barely miss something.
Something hits you but does no damage. You block the quokka's attack.
Your iron imp barely misses the quokka.
Something hits you but does no damage.
The quokka bites you but does no damage.
You closely miss the quokka. You kick the quokka.
The quokka is heavily wounded.
You hit something. You block the quokka's attack.
Your iron imp barely misses the quokka.
Something hits you.
* * * LOW HITPOINT WARNING * * *
You block the quokka's attack.
Your iron imp barely misses the quokka.
Something hits you.
* * * LOW HITPOINT WARNING * * *
The quokka bites you.
You die...

########### #.........#
#.#######.################
#.# #......{.)).......#
##.## #.....@r.5...####.
###.#.## #.##########.#
...###.####.# #)#
###.#.##....# #.#
####.###.#### ...
.........# ... #######..#
..... #..# ..... #..#
.......


You could see a quokka (ally target) and a friendly iron imp (summoned).

Vanquished Creatures
  3 adders
  An ufetubus (D:2)
  3 dart slugs
  6 orcs
  3 ball pythons
  6 endoplasms
  4 giant cockroaches
  3 goblins
  3 hobgoblins
  11 jackals
  6 kobolds
  7 bats
  3 frilled lizards
  5 rats
64 creatures vanquished.

Vanquished Creatures (others)
  17 plants (D:1)
17 creatures vanquished.

Grand Total: 81 creatures vanquished

Notes
Turn   | Place    | Note
-------+----------+-------------------------------------------
     0 | D:1      | flotson the Demonspawn Fighter began the quest for the Orb.
     0 | D:1      | Reached XP level 1. HP: 18/18 MP: 1/1
     8 | D:1      | Noticed a redback
     8 | D:1      | Noticed a black bear
     9 | D:1      | Noticed a black mamba
     9 | D:1      | Noticed a swamp drake
   305 | D:1      | Gained mutation: A weak demonic guardian rushes to your
                  | aid. [demonic ancestry]
   305 | D:1      | Reached XP level 2. HP: 16/24 MP: 2/2
   692 | D:1      | Reached XP level 3. HP: 23/29 MP: 3/3
  1224 | D:2      | Reached skill level 1 in Dodging
  1638 | D:2      | Gained mutation: You have large cloven feet. [demonic
                  | ancestry]
  1638 | D:2      | Reached XP level 4. HP: 12/35 MP: 4/4
  2295 | D:3      | HP: 1/35 [something (1)]
  2298 | D:3      | Slain by a quokka

Illustrated notes

Levels and vault maps discovered:
D:1:      onia_arrival_zoo_common, layout_rooms, wad_woods_river_04
D:2:      layout_rooms, minmay_octomino_j4
D:3:      layout_loops_ring, serial_shops, shop, st_stairs_4

Skill      XL: |  1  2  3 |
---------------+----------+-----
Axes           | 2 |  2.5
Armour         | 3 |  3.2
Dodging        | 1 |  1.4
Shields        | 3 |  3.1
Fighting       | |  3.5
Throwing       | |  0.9

Action                   |  1- 3 |  4- 6 || total
-------------------------+-------+-------++-------
Melee: War axe           |   161 |    81 ||   242
       Kick              |       |    18 ||    18
 Stab: Distracted        |       |     1 ||     1
Armor: Scale mail        |    70 |    43 ||   113
Dodge: Dodged            |    52 |    31 ||    83
Block: Kite shield       |    69 |    58 ||   127

Table legend: (Time is in decaauts)
 A = Elapsed time spent in this place.
 B = Non-inter-level travel time spent in this place.
 C = Inter-level travel time spent in this place.
 D = Time resting spent in this place.
 E = Time spent auto-exploring this place.
 F = Levels seen in this place.
 G = Mean time per level.
                   A        B        C        D        E       F      G
               +--------+--------+--------+--------+--------+-----+--------+
         Total |   2473 |   2445 |     28 |     84 |   1771 |   3 |  824.3 |
       Dungeon |   2473 |   2445 |     28 |     84 |   1771 |   3 |  824.3 |
               +--------+--------+--------+--------+--------+-----+--------+

Top non-repeatable levels by time:
     D:1: 1307 daAuts
     D:2: 1049 daAuts
     D:3: 116 daAuts
